 Dungeon Crawl Stone Soup version 0.21-a0-404-g291f19a (webtiles) character file.

902 Monsterracer the Vexing (level 8, -2/66 HPs)
             Began as a Gnoll Arcane Marksman on Oct 29, 2017.
             Was a Follower of Uskayaw.
             Slain by an iguana (5 damage)
             ... on level 6 of the Dungeon.
             The game lasted 00:21:52 (7857 turns).

Monsterracer the Vexing (Gnoll Arcane Marksman)     Turns: 7857, Time: 00:21:53

Health: -2/66      AC: 13    Str: 14    XL:     8   Next: 7%
Magic:  12/12      EV: 11    Int: 17    God:    Uskayaw [*.....]
Gold:   289        SH:  4    Dex: 13    Spells: 7/15 levels left

rFire    . . .     SeeInvis .   b - +1 rapier
rCold    . . .     Gourm    .   D - +0 buckler
rNeg     . . .     Faith    .   o - +0 scale mail
rPois    .         Spirit   .   e - +0 helmet
rElec    .         Reflect  .   l - +1 cloak
rCorr    .         Harm     .   G - +1 pair of gloves
MR       .....     Rnd*Rage +   (no boots)
Stlth    +.........             I - amulet of inaccuracy (curse)
HPRegen  0.21/turn              E - ring of wizardry
MPRegen  0.13/turn              (no ring)

@: no status effects
A: distributed training, fangs 1, berserk 1, clumsy 1, low mp 1, robust 1,
shaggy fur 1, strong nose
a: Stomp, Renounce Religion


You were on level 6 of the Dungeon.
You worshipped Uskayaw.
Uskayaw was noncommittal.
You were hungry.

You visited 1 branch of the dungeon, and saw 6 of its levels.
You also visited: Sewer.

You collected 289 gold pieces.

Inventory:

Hand Weapons
 a - a +0 hunting sling
 b - a +1 rapier (weapon)
 v - a +0 war axe
 w - a +0 dagger
Missiles
 d - 41 sling bullets
 j - 145 stones (quivered)
Armour
 c - a +0 plate armour
 e - a +0 helmet (worn)
 l - a +1 cloak (worn)
 n - a scarf of cloud immunity
 o - a +0 scale mail (worn)
 D - a +0 buckler (worn)
 F - a +0 chain mail
 G - a +1 pair of gloves (worn)
 K - a +0 shield
Jewellery
 s - an uncursed amulet of guardian spirit
 E - a ring of wizardry (left hand)
 I - a cursed amulet of inaccuracy (around neck)
Wands
 u - a wand of flame (47/48)
Scrolls
 h - 2 scrolls of enchant weapon
 k - a scroll of teleportation
 q - a scroll of recharging
 y - a scroll of blinking
 A - a scroll of fear
Potions
 g - a potion of curing
 i - 4 potions of haste
 m - a potion of invisibility {unknown}
 p - a potion of agility {unknown}
 r - 2 potions of berserk rage {!q}
 t - 4 potions of might
 B - 2 potions of flight {unknown}
 C - a potion of heal wounds {unknown}
Comestibles
 f - 2 bread rations
 x - 5 meat rations
 z - 3 royal jellies
 H - 2 fruits


   Skills:
 + Level 3.9 Fighting
 + Level 2.8 Short Blades
 + Level 2.8 Long Blades
 + Level 2.8 Axes
 + Level 2.8 Maces & Flails
 + Level 2.8 Polearms
 + Level 2.8 Staves
 + Level 5.4 Slings
 + Level 2.8 Bows
 + Level 2.8 Crossbows
 + Level 2.8 Throwing
 + Level 2.8 Armour
 + Level 5.4 Dodging
 + Level 2.8 Stealth
 + Level 2.8 Shields
 + Level 2.8 Unarmed Combat
 + Level 4.0 Spellcasting
 + Level 2.3 Conjurations
 + Level 6.0 Hexes
 + Level 2.3 Charms
 + Level 2.3 Summonings
 + Level 2.3 Necromancy
 + Level 2.3 Translocations
 + Level 2.3 Transmutations
 + Level 2.3 Fire Magic
 + Level 2.3 Ice Magic
 + Level 2.3 Air Magic
 + Level 2.3 Earth Magic
 + Level 2.3 Poison Magic
 + Level 3.1 Invocations
 + Level 2.8 Evocations


You had 7 spell levels left.
You knew the following spells:

 Your Spells              Type           Power        Failure   Level  Hunger
a - Corona                Hex            ###....      2%          1    None
c - Portal Projectile     Hex/Tloc       ###...       16%         3    ###....
w - Cause Fear            Hex            ###.......   26%         4    ####...


Dungeon Overview and Level Annotations

Branches:
Dungeon (6/15)
 Temple: D:4-7

Altars:
Fedhas
Uskayaw
Wu Jian


Innate Abilities, Weirdness & Mutations

Your experience applies equally to all skills.
You have very sharp teeth.
Your uncanny sense of smell can sniff out nearby items.
You tend to lose your temper in combat.
You are clumsy. (Dex -2)
Your magical capacity is low. (-10% MP)
You are robust. (+10% HP)
You are covered in fur. (AC +1)


Message History

The gnoll is heavily wounded.
The gnoll hits you but does no damage.
You barely miss the gnoll.
The gnoll is heavily wounded.
The gnoll hits you but does no damage.
You barely miss the gnoll.
The gnoll is heavily wounded.
The gnoll hits you but does no damage.
You hit the gnoll.
The gnoll is severely wounded.
The gnoll barely misses you.
You miss the gnoll.
The gnoll is severely wounded.
You block the gnoll's attack. The gnoll barely misses you.
You barely miss the gnoll.
The gnoll is severely wounded.
The gnoll hits you!
You take 6 damage, and have 57/66 hp.
You hit the gnoll but do no damage.
The gnoll is severely wounded.
The gnoll barely misses you.
You hit the gnoll.
You kill the gnoll!
Found a shield.
You see here a gnoll corpse.
You butcher the gnoll corpse.
J - a chunk of flesh
Found 8 stones and a robe.
Found 9 gold pieces.
You see here a shield.
K - a shield Eating a chunk of flesh.
You eat the chunk of flesh.
This raw flesh tastes terrible.
You are feeling hungry.
HP restored.
j - 147 stones (gained 8)
You now have 289 gold pieces (gained 9).
You open the door. 2 orcs and an orc priest come into view.
The orc priest shouts!
The orc shouts! x2
An orc priest comes into view. It is wielding a flail.
Health restored: 66
a - a +0 hunting sling (weapon)
The orc priest shouts!
You hear a shout!
Firing (i - inventory. (,) - cycle):
j - 147 stones (quivered)
Press: ? - help, Shift-Dir - straight line, f - orc priest
Aim: an orc priest, wielding a flail You shoot a stone.
The stone hits the orc priest but does no damage.
The orc priest invokes the aid of Beogh against you.
You struggle to resist.
An orc warrior comes into view. It is wielding a mace.
Firing (i - inventory. (,) - cycle):
j - 146 stones (quivered)
Press: ? - help, Shift-Dir - straight line, f/p - orc priest
Aim: an orc priest, wielding a flail You shoot a stone.
The stone closely misses the orc priest.
The orc closely misses you.
The orc priest invokes the aid of Beogh against you.
Pain shoots through your body!
You take 12 damage, and have 54/66 hp.
The orc priest mumbles some strange prayers to Beogh against you.
Beogh smites you!
You take 12 damage, and have 42/66 hp.
The orc grunts repeatedly, as Orcs often do.
You see here a ring mail.
The orc hits you but does no damage.
b - a +1 rapier (weapon)
The orc hits you with a short sword.
You take 5 damage, and have 39/66 hp.
You miss the orc. The orc closely misses you. The orc misses you.
You closely miss the orc. The orc hits you but does no damage. x2
You hit the orc.
The orc is lightly wounded.
The orc closely misses you. The orc misses you.
The orc priest mumbles some strange prayers to Beogh against you.
Beogh smites you!
* * * LOW HITPOINT WARNING * * *
The orc barely misses you.
The orc priest invokes the aid of Beogh against you.
Beogh smites you!
* * * LOW HITPOINT WARNING * * *
You take 26 damage, and have 14/66 hp.
MASSIVE DAMAGE!!
The orc priest invokes the aid of Beogh against you.
Beogh smites you!
* * * LOW HITPOINT WARNING * * *
You take 11 damage, and have 3/66 hp.
Unknown command.
An iguana comes into view.
The iguana hisses angrily.
You see here 17 bolts.
The iguana bites you.
* * * LOW HITPOINT WARNING * * *
You take 3 damage, and have 1/66 hp.
You block the iguana's attack. The orc hits you but does no damage.
The iguana bites you but does no damage.
You see here a ring mail.
There is a stone staircase leading up, spattered with blood here.
The iguana bites you.
You die...

..........#.....#.#
.......o........#.#
......oo#(#.....#.#
........+.#.....#.#
........#####.....#
.......o#.......###
........oo....>.#
........#.###l#####..#
........#.##.@........
........#.##.#####....
........#.##.#........
#.......#.##.#.....[.
#.......#.##......#
.................####
......#.............
####+ ##.....###.... #
#.....# ...


You could see an iguana.

Vanquished Creatures
  A water moccasin (D:5)
  A sky beast (D:5)
  A black bear (D:6)
  A big kobold (Sewer)
  2 scorpions (D:4)
  A crimson imp (D:5)
  An orc priest (D:3)
  An orc wizard (D:5)
  Jessica (D:2)
  2 iguanas (D:5)
  3 worker ants (D:5)
  A gnoll (D:6)
  6 adders
  An ooze (D:5)
  3 worms
  3 dart slugs
  5 leopard geckos
  20 orcs
  7 bats
  4 giant cockroaches
  5 hobgoblins
  5 jackals
  A quokka (D:2)
  4 frilled lizards
  A giant cockroach zombie (D:5)
  12 goblins
  7 kobolds
  2 leopard gecko skeletons (D:4)
  2 quokka skeletons
  16 rats
120 creatures vanquished.

Notes
Turn   | Place    | Note
-------+----------+-------------------------------------------
     0 | D:1      | Monsterracer the Gnoll Arcane Marksman began the quest for the Orb.
     0 | D:1      | Reached XP level 1. HP: 17/17 MP: 4/4
   195 | D:1      | Reached XP level 2. HP: 15/23 MP: 5/5
   998 | D:1      | Reached XP level 3. HP: 19/28 MP: 7/7
  1365 | D:1      | Learned a level 3 spell: Portal Projectile
  1740 | D:2      | Reached skill level 1 in Invocations
  1813 | D:2      | Found a blossoming altar of Fedhas.
  1814 | D:2      | Noticed Jessica
  1830 | D:2      | Reached skill level 1 in Short Blades
  1830 | D:2      | Reached skill level 1 in Long Blades
  1830 | D:2      | Reached skill level 1 in Axes
  1830 | D:2      | Reached skill level 1 in Maces & Flails
  1830 | D:2      | Reached skill level 1 in Polearms
  1830 | D:2      | Reached skill level 1 in Staves
  1830 | D:2      | Reached skill level 1 in Bows
  1830 | D:2      | Reached skill level 1 in Crossbows
  1830 | D:2      | Reached skill level 1 in Throwing
  1830 | D:2      | Reached skill level 1 in Armour
  1830 | D:2      | Reached skill level 1 in Stealth
  1830 | D:2      | Reached skill level 1 in Shields
  1830 | D:2      | Reached skill level 1 in Unarmed Combat
  1830 | D:2      | Reached skill level 1 in Evocations
  1834 | D:2      | HP: 13/28 [Jessica/nerve-wracking pain (9)]
  1834 | D:2      | HP: 6/28 [Jessica/wand of flame (?/48) (7)]
  1835 | D:2      | Killed Jessica
  1835 | D:2      | Reached XP level 4. HP: 8/34 MP: 8/8
  1887 | D:2      | HP: 11/34 [adder (2)]
  1900 | D:2      | Reached skill level 1 in Conjurations
  1900 | D:2      | Reached skill level 1 in Charms
  1900 | D:2      | Reached skill level 1 in Summonings
  1900 | D:2      | Reached skill level 1 in Necromancy
  1900 | D:2      | Reached skill level 1 in Translocations
  1900 | D:2      | Reached skill level 1 in Transmutations
  1900 | D:2      | Reached skill level 1 in Fire Magic
  1900 | D:2      | Reached skill level 1 in Ice Magic
  1900 | D:2      | Reached skill level 1 in Air Magic
  1900 | D:2      | Reached skill level 1 in Earth Magic
  1900 | D:2      | Reached skill level 1 in Poison Magic
  2573 | D:3      | Learned a level 4 spell: Cause Fear
  2616 | D:3      | HP: 16/34 [orc/trident (6)]
  2769 | D:3      | HP: 15/34 [orc priest/divine providence (15)]
  2778 | D:3      | HP: 11/34 [orc priest/nerve-wracking pain (5)]
  2779 | D:3      | Reached XP level 5. HP: 13/40 MP: 9/9
  2801 | D:3      | HP: 7/40 [orc/short sword (9)]
  2802 | D:3      | HP: 3/40 [orc/short sword (4)]
  3036 | D:3      | HP: 20/40 [poisoned by an adder]
  3041 | D:3      | HP: 17/40 [poisoned by an adder]
  3047 | D:3      | HP: 15/40 [poisoned by an adder]
  3054 | D:3      | HP: 13/40 [poisoned by an adder]
  3062 | D:3      | HP: 12/40 [poisoned by an adder]
  3143 | D:3      | HP: 19/41 [leopard gecko (3)]
  3148 | D:3      | HP: 15/41 [leopard gecko (3)]
  3165 | D:3      | Found a glowing drain.
  3171 | D:3      | HP: 10/41 [worm (6)]
  3196 | Sewer    | Entered a sewer
  3205 | Sewer    | HP: 13/41 [rat (3)]
  3475 | Sewer    | Noticed a big kobold
  3529 | Sewer    | Killed a big kobold
  3529 | Sewer    | Reached XP level 6. HP: 35/47 MP: 10/10
  3646 | Sewer    | Found a white marble altar of Elyvilon.
  3719 | D:3      | Found a hide-covered altar of Uskayaw.
  3733 | D:3      | Became a worshipper of Uskayaw the Reveler
  3957 | D:3      | Reached * piety under Uskayaw
  4034 | D:3      | Found an ornate altar of the Wu Jian Council.
  4632 | D:4      | HP: 22/47 [poisoned by a scorpion]
  4640 | D:4      | HP: 12/47 [scorpion (7)]
  4642 | D:4      | Reached skill level 5 in Slings
  4642 | D:4      | Reached skill level 5 in Dodging
  4642 | D:4      | Reached ** piety under Uskayaw
  5530 | D:4      | HP: 23/47 [scorpion (6)]
  5535 | D:4      | HP: 19/47 [poisoned by a scorpion]
  5540 | D:4      | HP: 15/47 [poisoned by a scorpion]
  5546 | D:4      | HP: 12/47 [poisoned by a scorpion]
  5551 | D:4      | HP: 11/47 [poisoned by a scorpion]
  5558 | D:4      | HP: 10/47 [poisoned by a scorpion]
  5566 | D:4      | HP: 9/47 [poisoned by a scorpion]
  6089 | D:5      | Entered Level 5 of the Dungeon
  6146 | D:5      | Reached *** piety under Uskayaw
  6149 | D:5      | Reached XP level 7. HP: 52/52 MP: 12/12
  6683 | D:5      | HP: 26/52 [poisoned by a water moccasin]
  6688 | D:5      | HP: 21/52 [poisoned by a water moccasin]
  6693 | D:5      | HP: 18/52 [poisoned by a water moccasin]
  6698 | D:5      | HP: 16/52 [poisoned by a water moccasin]
  6703 | D:5      | HP: 15/52 [poisoned by a water moccasin]
  6710 | D:5      | HP: 14/52 [poisoned by a water moccasin]
  6718 | D:5      | HP: 13/52 [poisoned by a water moccasin]
  7644 | D:5      | Reached skill level 6 in Hexes
  7644 | D:5      | Reached XP level 8. HP: 46/60 MP: 14/14
  7648 | D:5      | Gained mutation: You tend to lose your temper in combat. [mutagenic meat]
  7649 | D:5      | Gained mutation: You are covered in fur. (AC +1) [mutagenic meat]
  7650 | D:5      | Gained mutation: You are robust. (+10% HP) [mutagenic meat]
  7653 | D:5      | Gained mutation: Your magical capacity is low. (-10% MP) [mutagenic meat]
  7654 | D:5      | Gained mutation: You are clumsy. (Dex -2) [mutagenic meat]
  7837 | D:6      | HP: 24/66 [orc priest/divine providence (16)]
  7838 | D:6      | HP: 3/66 [orc priest/divine providence (11)]
  7844 | D:6      | HP: 1/66 [iguana (4)]
  7857 | D:6      | Slain by an iguana

Vault maps used:
D:1:      erik_arrival_cave_to_civilisation, kennysheep_another_room,
          minmay_tromino_mix6
D:2:      first_bread, fedhas_altar_2, uniq_jessica
D:3:      overflow_temple_1_default, lemuel_round_altar, gup_sewer_entry_bubbles
D:6:      gammafunk_temple_overflow_forgotten
Sewer:    sewer_kobolds

Skill      XL: |  1  2  3  4  5  6  7 |
---------------+----------------------+-----
Invocations    | 1 2 3 |  3.1
Short Blades   | 1 2 |  2.8
Long Blades    | 1 2 |  2.8
Axes           | 1 2 |  2.8
Maces & Flails | 1 2 |  2.8
Polearms       | 1 2 |  2.8
Staves         | 1 2 |  2.8
Bows           | 1 2 |  2.8
Crossbows      | 1 2 |  2.8
Throwing       | 1 2 |  2.8
Armour         | 1 2 |  2.8
Stealth        | 1 2 |  2.8
Shields        | 1 2 |  2.8
Unarmed Combat | 1 2 |  2.8
Evocations     | 1 2 |  2.8
Spellcasting   | 3 4 |  4.0
Conjurations   | 1 2 |  2.3
Charms         | 1 2 |  2.3
Summonings     | 1 2 |  2.3
Necromancy     | 1 2 |  2.3
Translocations | 1 2 |  2.3
Transmutations | 1 2 |  2.3
Fire Magic     | 1 2 |  2.3
Ice Magic      | 1 2 |  2.3
Air Magic      | 1 2 |  2.3
Earth Magic    | 1 2 |  2.3
Poison Magic   | 1 2 |  2.3
Fighting       | 3 |  3.9
Slings         | 5 |  5.4
Dodging        | 5 |  5.4
Hexes          | 6 |  6.0

Action                   |  1- 3 |  4- 6 |  7- 9 || total
-------------------------+-------+-------+-------++-------
Melee: Club              |    72 |       |       ||    72
       Bite              |    10 |    12 |    13 ||    35
       Hand axe          |    33 |     1 |       ||    34
       Dagger            |     2 |       |       ||     2
       Rapier            |       |   150 |   147 ||   297
       Punch             |       |     1 |     1 ||     2
       War axe           |       |       |     4 ||     4
 Fire: Hunting sling     |    15 |   114 |    67 ||   196
 Cast: Portal Projectile |       |       |     1 ||     1
  Use: Scroll            |       |    10 |     2 ||    12
       Potion            |       |     1 |       ||     1
 Stab: Sleeping          |       |     1 |       ||     1
       Paralysed         |       |       |     1 ||     1
  Eat: Chunk             |     3 |    11 |     8 ||    22
       Bread ration      |       |     1 |       ||     1
Armor: Robe              |    25 |    41 |       ||    66
       Scale mail        |       |     7 |   109 ||   116
Dodge: Dodged            |    99 |   159 |   116 ||   374
Block: Buckler           |       |       |    30 ||    30

Table legend:
 A = Spawn XP
 B = Non-spawn XP
 C = Spawn XP percentage of total XP
 D = Spawn monster count
 E = Non-spawn monster count
 F = Spawn count percentage of total count
 G = Total turns spent on level
                    A         B        C        D         E        F      G
               +---------+---------+-------+---------+---------+-------+---------
         Total |       0 |    1289 |   0.0 |       0 |     120 |   0.0 |  7857
               +---------+---------+-------+---------+---------+-------+---------
           D:1 |       0 |      46 |   0.0 |       0 |      26 |   0.0 |  1603
           D:2 |       0 |     100 |   0.0 |       0 |      17 |   0.0 |   964
           D:3 |       0 |     115 |   0.0 |       0 |      27 |   0.0 |  1415
           D:4 |       0 |     190 |   0.0 |       0 |      13 |   0.0 |  1612
           D:5 |       0 |     598 |   0.0 |       0 |      25 |   0.0 |  1466
           D:6 |       0 |     133 |   0.0 |       0 |       2 |   0.0 |   302
         Sewer |       0 |     107 |   0.0 |       0 |      10 |   0.0 |   495
               +---------+---------+-------+---------+---------+-------+---------

Vault maps used:
D:1:      erik_arrival_cave_to_civilisation, kennysheep_another_room,
          minmay_tromino_mix6
D:2:      first_bread, fedhas_altar_2, uniq_jessica
D:3:      overflow_temple_1_default, lemuel_round_altar, gup_sewer_entry_bubbles
D:6:      gammafunk_temple_overflow_forgotten
Sewer:    sewer_kobolds
